TOP OF THE 1ST |
Rancho Cucamonga Sick Monkeys batting - Pitching for Washington DC Hot Sauce : RHP Andre Huff
|
Pitching: RHP Andre Huff
|
|
Batting: LHB Will O'Dell
|
0-0: SINGLE (Groundball, 34D)
|
Batting: LHB Oliver Cruz
|
0-0: Ball 1-0: Foul Ball, location: 2F 1-1: Swinging Strike 1-2: Strikes out swinging
|
Batting: RHB Tony Long
|
0-0: Foul Ball, location: 2F 0-1: Called Strike Will O'Dell steals 2nd base 0-2: Ball 1-2: Fly out, F9 (Flyball, 89M)
|
Batting: LHB Carl Hayden
|
0-0: Called Strike 0-1: SINGLE (Groundball, 4M) Will O'Dell to third Runner from 3rd tries for Home, SAFE, no throw or cutoff
|
Batting: RHB Francisco Domínguez
|
0-0: Foul Ball, location: 2F 0-1: Ball 1-1: Foul Ball, location: 2F 1-2: Strikes out looking
|
Top of the 1st over - 1 run(s), 2 hit(s), 0 error(s), 1 left on base; Rancho Cucamonga 1 - Washington DC 0 |
BOTTOM OF THE 1ST |
Washington DC Hot Sauce batting - Pitching for Rancho Cucamonga Sick Monkeys : RHP Steve Gandarilla
|
Pitching: RHP Steve Gandarilla
|
|
Batting: RHB Javier González
|
0-0: Ground out 5-3 (Groundball, 5)
|
Batting: RHB Jesús Ramírez
|
0-0: Ball 1-0: Ball 2-0: Ground out 5-3 (Groundball, 5)
|
Batting: SHB Tony Varela
|
0-0: Called Strike 0-1: Ball 1-1: Ball 2-1: Called Strike 2-2: TRIPLE (Line Drive, 9LM)
|
Batting: LHB Pedro Camacho
|
0-0: Ball 1-0: Ball 2-0: Fly out, F7 (Flyball, 7M)
|
Bottom of the 1st over - 0 run(s), 1 hit(s), 0 error(s), 1 left on base; Rancho Cucamonga 1 - Washington DC 0 |
TOP OF THE 2ND |
Rancho Cucamonga Sick Monkeys batting - Pitching for Washington DC Hot Sauce : RHP Andre Huff
|
Batting: RHB Jorge Flores
|
0-0: Swinging Strike 0-1: Ball 1-1: Ball 2-1: Ball 3-1: Foul Ball, location: 2F 3-2: Foul Ball, location: 2F 3-2: Base on Balls
|
Batting: SHB Jaime Martínez
|
0-0: Ball 1-0: Swinging Strike 1-1: Foul Ball, location: 2F 1-2: Ball 2-2: Foul Ball, location: 2F 2-2: SINGLE (Line Drive, 34D) Jorge Flores to second Runner from 2nd tries for 3rd, SAFE, throw made to third Jaime Martínez to second
|
Batting: RHB Keith Sheehan
|
0-0: Fly out, F4 (Popup, 3F)
|
Batting: LHB Amaro Chucha
|
0-0: Fly out, F6 (Popup, 6MD)
|
Batting: LHB Will O'Dell
|
0-0: Called Strike 0-1: Ball 1-1: Foul Ball, location: 2F 1-2: Ball 2-2: Strikes out swinging
|
Top of the 2nd over - 0 run(s), 1 hit(s), 0 error(s), 2 left on base; Rancho Cucamonga 1 - Washington DC 0 |
BOTTOM OF THE 2ND |
Washington DC Hot Sauce batting - Pitching for Rancho Cucamonga Sick Monkeys : RHP Steve Gandarilla
|
Batting: RHB Júlio García
|
0-0: Ball 1-0: Ball 2-0: Ball 3-0: Called Strike 3-1: Base on Balls
|
Batting: RHB Jay Black
|
0-0: Called Strike 0-1: Foul Ball, location: 2F 0-2: SINGLE (Line Drive, 8RS) Júlio García to second
|
Batting: RHB Manuel Martínez
|
0-0: Ball 1-0: Foul Ball, location: 2F 1-1: Ball 2-1: Foul Ball, location: 2F 2-2: Ball 3-2: Foul Ball, location: 2F 3-2: Fly out, F8 (Flyball, 8LS)
|
Batting: LHB Esteban Zamora
|
0-0: Swinging Strike 0-1: Foul Ball, location: 2F 0-2: Ball 1-2: Strikes out swinging
|
Batting: RHB Jake Reeves
|
0-0: SINGLE (Line Drive, 78S) Júlio García to third Jay Black to second Runner from 3rd tries for Home, SAFE, no throw or cutoff
|
Batting: RHB Javier González
|
0-0: Called Strike 0-1: Foul Ball, location: 2F 0-2: Ball 1-2: Ball 2-2: Ball 3-2: Base on Balls Jay Black to third Jake Reeves to second
|
Batting: RHB Jesús Ramírez
|
0-0: Called Strike 0-1: Ball 1-1: Fly out, F9 (Flyball, 9S)
|
Bottom of the 2nd over - 1 run(s), 2 hit(s), 0 error(s), 3 left on base; Rancho Cucamonga 1 - Washington DC 1 |
TOP OF THE 3RD |
Rancho Cucamonga Sick Monkeys batting - Pitching for Washington DC Hot Sauce : RHP Andre Huff
|
Batting: LHB Oliver Cruz
|
0-0: Ground out 1-3 (Groundball, 13)
|
Batting: RHB Tony Long
|
0-0: Ground out 6-3 (Groundball, 6)
|
Batting: LHB Carl Hayden
|
0-0: Ground out 3-1 (Groundball, 34S)
|
Top of the 3rd over - 0 run(s), 0 hit(s), 0 error(s), 0 left on base; Rancho Cucamonga 1 - Washington DC 1 |
BOTTOM OF THE 3RD |
Washington DC Hot Sauce batting - Pitching for Rancho Cucamonga Sick Monkeys : RHP Steve Gandarilla
|
Batting: SHB Tony Varela
|
0-0: Ball 1-0: Called Strike 1-1: Ball 2-1: Ball 3-1: Foul Ball, location: 2F 3-2: Strikes out swinging
|
Batting: LHB Pedro Camacho
|
0-0: Called Strike 0-1: DOUBLE (Flyball, 9D)
|
Batting: RHB Júlio García
|
0-0: Ball 1-0: Ball 2-0: Called Strike 2-1: Called Strike 2-2: Ball 3-2: Foul Ball, location: 2F 3-2: Base on Balls
|
Batting: RHB Jay Black
|
0-0: Ball 1-0: Ball 2-0: Ball 3-0: Called Strike 3-1: Foul Ball, location: 2F 3-2: Strikes out swinging
|
Batting: RHB Manuel Martínez
|
0-0: Ball 1-0: Ball 2-0: Ball 3-0: Base on Balls Pedro Camacho to third Júlio García to second
|
Batting: LHB Esteban Zamora
|
0-0: Ball 1-0: Called Strike 1-1: Ball 2-1: Ball 3-1: Foul Ball, location: 2F 3-2: Foul Ball, location: 2F 3-2: Foul Ball, location: 2F 3-2: Foul Ball, location: 2F 3-2: Foul Ball, location: 2F 3-2: Strikes out swinging
|
Bottom of the 3rd over - 0 run(s), 1 hit(s), 0 error(s), 3 left on base; Rancho Cucamonga 1 - Washington DC 1 |
TOP OF THE 4TH |
Rancho Cucamonga Sick Monkeys batting - Pitching for Washington DC Hot Sauce : RHP Andre Huff
|
Batting: RHB Francisco Domínguez
|
0-0: Swinging Strike 0-1: Swinging Strike 0-2: Ball 1-2: Ball 2-2: Foul Ball, location: 2F 2-2: Ball 3-2: Strikes out looking
|
Batting: RHB Jorge Flores
|
0-0: Ball 1-0: Fly out, F4 (Line Drive, 4)
|
Batting: SHB Jaime Martínez
|
0-0: Ground out U3 (Groundball, 3S)
|
Top of the 4th over - 0 run(s), 0 hit(s), 0 error(s), 0 left on base; Rancho Cucamonga 1 - Washington DC 1 |
BOTTOM OF THE 4TH |
Washington DC Hot Sauce batting - Pitching for Rancho Cucamonga Sick Monkeys : RHP Steve Gandarilla
|
Batting: RHB Jake Reeves
|
0-0: Fly out, F8 (Flyball, 8LM)
|
Batting: RHB Javier González
|
0-0: Ball 1-0: Foul Ball, location: 2F 1-1: Ball 2-1: Swinging Strike 2-2: Foul Ball, location: 2F 2-2: SINGLE (Groundball, 15S) (infield hit)
|
Pitching: RHP Pedro Ayala
|
|
Batting: RHB Jesús Ramírez
|
0-0: Ball 1-0: Called Strike 1-1: Fly out, F9 (Flyball, 89M)
|
Batting: SHB Tony Varela
|
0-0: Ball 1-0: Ball 2-0: Called Strike 2-1: Ground out 3-1 (Groundball, 34)
|
Bottom of the 4th over - 0 run(s), 1 hit(s), 0 error(s), 1 left on base; Rancho Cucamonga 1 - Washington DC 1 |
TOP OF THE 5TH |
Rancho Cucamonga Sick Monkeys batting - Pitching for Washington DC Hot Sauce : RHP Andre Huff
|
Batting: RHB Keith Sheehan
|
0-0: Ball 1-0: Ball 2-0: Ball 3-0: Base on Balls
|
Batting: LHB Amaro Chucha
|
0-0: Called Strike 0-1: Ball 1-1: Ball 2-1: Swinging Strike 2-2: Foul Ball, location: 2F 2-2: Foul Ball, location: 2F 2-2: Foul Ball, location: 2F 2-2: Ground out U3 (Groundball, 3S) Keith Sheehan to second
|
Batting: LHB Will O'Dell
|
0-0: SINGLE (Line Drive, 34D) Keith Sheehan to third Runner from 3rd tries for Home, SAFE, throw made home
|
Batting: LHB Oliver Cruz
|
0-0: Ball Will O'Dell is caught stealing 2nd base 1-0: Ground out 4-3 (Groundball, 4)
|
Top of the 5th over - 1 run(s), 1 hit(s), 0 error(s), 0 left on base; Rancho Cucamonga 2 - Washington DC 1 |
BOTTOM OF THE 5TH |
Washington DC Hot Sauce batting - Pitching for Rancho Cucamonga Sick Monkeys : RHP Pedro Ayala
|
Batting: LHB Pedro Camacho
|
0-0: Ball 1-0: Called Strike 1-1: Called Strike 1-2: Ground out 6-3 (Groundball, 6)
|
Batting: RHB Júlio García
|
0-0: Ground out 4-3 (Groundball, 4M)
|
Batting: RHB Jay Black
|
0-0: Called Strike 0-1: Ball 1-1: Ball 2-1: Foul Ball, location: 2F 2-2: Ball 3-2: Base on Balls
|
Batting: RHB Manuel Martínez
|
0-0: Called Strike 0-1: Swinging Strike 0-2: Strikes out swinging
|
Bottom of the 5th over - 0 run(s), 0 hit(s), 0 error(s), 1 left on base; Rancho Cucamonga 2 - Washington DC 1 |
TOP OF THE 6TH |
Rancho Cucamonga Sick Monkeys batting - Pitching for Washington DC Hot Sauce : RHP Andre Huff
|
Batting: RHB Tony Long
|
0-0: Called Strike 0-1: Ball 1-1: Ball 2-1: Ball 3-1: Base on Balls
|
Batting: LHB Carl Hayden
|
0-0: Ball 1-0: Ball 2-0: Ball 3-0: Base on Balls Tony Long to second
|
Batting: RHB Francisco Domínguez
|
0-0: Ball 1-0: Ball 2-0: Called Strike 2-1: Fly out, F7 (Flyball, 78M)
|
Batting: RHB Jorge Flores
|
0-0: Foul Ball, location: 2F 0-1: Fly out, F9 (Flyball, 9M) Runner from 2nd tags up, OUT at 3rd
|
Top of the 6th over - 0 run(s), 0 hit(s), 0 error(s), 1 left on base; Rancho Cucamonga 2 - Washington DC 1 |
BOTTOM OF THE 6TH |
Washington DC Hot Sauce batting - Pitching for Rancho Cucamonga Sick Monkeys : RHP Pedro Ayala
|
Batting: LHB Esteban Zamora
|
0-0: Called Strike 0-1: SINGLE (Flyball, 8LS)
|
Batting: RHB Jake Reeves
|
0-0: Called Strike 0-1: Ball 1-1: Called Strike 1-2: Foul Ball, location: 2F 1-2: Ball 2-2: Strikes out swinging
|
Batting: RHB Javier González
|
0-0: Ball 1-0: Called Strike 1-1: Foul Ball, location: 2F 1-2: Ball 2-2: SINGLE (Flyball, 9LS) Esteban Zamora to second Runner from 2nd tries for 3rd, SAFE, throw made to third Javier González to second
|
Batting: RHB Jesús Ramírez
|
0-0: Ball 1-0: Called Strike 1-1: Foul Ball, location: 2F 1-2: Foul Ball, location: 2F 1-2: Ball 2-2: Strikes out swinging
|
Batting: SHB Tony Varela
|
0-0: Called Strike 0-1: Foul Ball, location: 2F 0-2: Ball 1-2: Ball 2-2: DOUBLE (Line Drive, 3D) Esteban Zamora scores Javier González scores
|
Batting: LHB Pedro Camacho
|
0-0: Intentional Walk
|
Batting: RHB Júlio García
|
0-0: Ball 1-0: Called Strike 1-1: Ball 2-1: Ball 3-1: Foul Ball, location: 2F 3-2: Foul Ball, location: 2F 3-2: Strikes out looking
|
Bottom of the 6th over - 2 run(s), 3 hit(s), 0 error(s), 2 left on base; Rancho Cucamonga 2 - Washington DC 3 |
TOP OF THE 7TH |
Rancho Cucamonga Sick Monkeys batting - Pitching for Washington DC Hot Sauce : RHP Andre Huff
|
Batting: SHB Jaime Martínez
|
0-0: Foul Ball, location: 2F 0-1: Ball 1-1: SINGLE (Line Drive, 6M)
|
Pitching: RHP Pat Hanna
|
|
Pinch Hitting: RHB Roger Rush
|
0-0: Ball Wild Pitch! Jaime Martínez to second 1-0: Ball 2-0: Called Strike 2-1: Called Strike 2-2: Ball 3-2: Base on Balls
|
Batting: LHB Amaro Chucha
|
0-0: Ball 1-0: Ball 2-0: Ball 3-0: Base on Balls Jaime Martínez to third Roger Rush to second
|
Batting: LHB Will O'Dell
|
0-0: Foul Ball, location: 2F 0-1: Foul Ball, location: 2F 0-2: Strikes out swinging
|
Batting: LHB Oliver Cruz
|
0-0: Called Strike 0-1: Called Strike 0-2: Strikes out swinging
|
Batting: RHB Tony Long
|
0-0: Swinging Strike 0-1: Foul Ball, location: 2F 0-2: Ball 1-2: Ground out 4-3 (Groundball, 34)
|
Top of the 7th over - 0 run(s), 1 hit(s), 0 error(s), 3 left on base; Rancho Cucamonga 2 - Washington DC 3 |
BOTTOM OF THE 7TH |
Washington DC Hot Sauce batting - Pitching for Rancho Cucamonga Sick Monkeys : RHP Pedro Ayala
|
Pitching: RHP Lyle Scalise
|
|
Now at 2B: Ed Jackson
|
|
Batting: RHB Jay Black
|
0-0: Called Strike 0-1: Ball 1-1: Ball 2-1: Foul Ball, location: 2F 2-2: Strikes out swinging
|
Batting: RHB Manuel Martínez
|
0-0: Called Strike 0-1: Ball 1-1: Called Strike 1-2: SINGLE (Line Drive, 8RS)
|
Pinch Hitting: LHB John White
|
0-0: Called Strike 0-1: Ball 1-1: SINGLE (Groundball, 56) Manuel Martínez to second
|
Pinch Hitting: LHB Arturo Silva
|
0-0: Ball 1-0: Ball 2-0: Called Strike 2-1: Called Strike 2-2: Ball 3-2: SINGLE (Line Drive, 4MD) Manuel Martínez to third John White to second
|
Batting: RHB Javier González
|
0-0: SINGLE (Line Drive, 9LS) Manuel Martínez scores John White to third Arturo Silva to second Runner from 3rd tries for Home, SAFE, throw made home Arturo Silva to third Javier González to second
|
Pitching: RHP Carlos Domínguez
|
|
Batting: RHB Jesús Ramírez
|
0-0: Ball 1-0: Swinging Strike 1-1: Called Strike 1-2: Ball 2-2: Fly out, F4 (Popup, 9S)
|
Batting: SHB Tony Varela
|
0-0: Ball 1-0: Foul Ball, location: 2F 1-1: Ball 2-1: Called Strike 2-2: Ball 3-2: SINGLE (Flyball, 8RS) Arturo Silva scores Javier González to third Javier González scores
|
Batting: LHB Pedro Camacho
|
0-0: Called Strike 0-1: Ball 1-1: Ball 2-1: SINGLE (Line Drive, 4) Tony Varela to second
|
Batting: RHB Júlio García
|
0-0: Foul Ball, location: 2F 0-1: Ball 1-1: Ball 2-1: Swinging Strike 2-2: Ball 3-2: Foul Ball, location: 2F 3-2: Foul Ball, location: 2F 3-2: SINGLE (Flyball, 6MD) Tony Varela to third Pedro Camacho to second Tony Varela scores Pedro Camacho to third
|
Batting: RHB Jay Black
|
0-0: Ball 1-0: Swinging Strike 1-1: Ball 2-1: Fly out, F5 (Line Drive, 5)
|
Bottom of the 7th over - 5 run(s), 7 hit(s), 0 error(s), 2 left on base; Rancho Cucamonga 2 - Washington DC 8 |
TOP OF THE 8TH |
Rancho Cucamonga Sick Monkeys batting - Pitching for Washington DC Hot Sauce : RHP Pat Hanna
|
Now at 3B: Juan Vélez
|
|
Now in RF: Conner Riley
|
|
Batting: LHB Carl Hayden
|
0-0: Called Strike 0-1: Ground out 6-3 (Groundball, 6)
|
Batting: RHB Francisco Domínguez
|
0-0: SINGLE (Flyball, 89S)
|
Batting: RHB Jorge Flores
|
0-0: Ball 1-0: Swinging Strike 1-1: Fly out, F8 (Line Drive, 8RS)
|
Batting: SHB Jaime Martínez
|
0-0: Ball 1-0: Fly out, F7 (Flyball, 7S)
|
Top of the 8th over - 0 run(s), 1 hit(s), 0 error(s), 1 left on base; Rancho Cucamonga 2 - Washington DC 8 |
BOTTOM OF THE 8TH |
Washington DC Hot Sauce batting - Pitching for Rancho Cucamonga Sick Monkeys : RHP Carlos Domínguez
|
Batting: RHB Manuel Martínez
|
0-0: Ball 1-0: Called Strike 1-1: Ball 2-1: Ball 3-1: Fly out, F6 (Line Drive, 6D)
|
Batting: RHB Juan Vélez
|
0-0: Foul Ball, location: 2F 0-1: Foul Ball, location: 2F 0-2: Ball 1-2: Ball 2-2: Ground out 1-3 (Groundball, 15)
|
Batting: RHB Conner Riley
|
0-0: SINGLE (Flyball, 89M)
|
Batting: RHB Javier González
|
0-0: Ball 1-0: SINGLE (Line Drive, 7S) Conner Riley to second
|
Batting: RHB Jesús Ramírez
|
0-0: Ground out U3 (Groundball, 3S)
|
Bottom of the 8th over - 0 run(s), 2 hit(s), 0 error(s), 2 left on base; Rancho Cucamonga 2 - Washington DC 8 |
TOP OF THE 9TH |
Rancho Cucamonga Sick Monkeys batting - Pitching for Washington DC Hot Sauce : RHP Pat Hanna
|
Pitching: RHP Javier García
|
|
Batting: RHB Ed Jackson
|
0-0: Ball 1-0: Called Strike 1-1: Foul Ball, location: 2F 1-2: Fly out, F6 (Line Drive, 6)
|
Batting: LHB Amaro Chucha
|
0-0: Ball 1-0: Swinging Strike 1-1: Swinging Strike 1-2: Foul Ball, location: 2F 1-2: Foul Ball, location: 2F 1-2: Foul Ball, location: 2F 1-2: Strikes out looking
|
Batting: LHB Will O'Dell
|
0-0: SINGLE (Line Drive, 7LS)
|
Batting: LHB Oliver Cruz
|
0-0: Swinging Strike 0-1: Ball 1-1: Swinging Strike 1-2: Strikes out swinging
|
Top of the 9th over - 0 run(s), 1 hit(s), 0 error(s), 1 left on base; Rancho Cucamonga 2 - Washington DC 8 |
|